[Event "Titled Tuesday Blitz December 20 Early 2022"]
[White "OparinGrigoriy"]
[Black "ErikRonka"]
[WhiteElo "3013"]
[BlackElo "2520"]
[Result "1-0"]
[Round "03"]
[TimeControl "180+2"]
[Date "2022.12.20"]
[WhiteClock "0:00:09"]
[BlackClock "0:00:08"]

1. d4 d5 2. c4 e6 3. Nf3 Nf6 4. g3 Be7 5. Bg2 O-O 6. Nc3 c6 7. b3 a5 8. O-O b6 9. Qd3 Ba6 10. e4 Nbd7 11. Rd1 b5 12. e5 bxc4 13. Qc2 Ne8 14. h4 Rc8 15. Ng5 g6 16. bxc4 Bxc4 17. Nce4 c5 18. dxc5 Nxc5 19. Nxc5 Bxc5 20. Qd2 Bb4 21. Qf4 Be2 22. Rd2 Bxd2 23. Bxd2 Bd3 24. h5 Rc4 25. Qe3 Bf5 26. Bf1 Rc2 27. h6 d4 28. Qe1 Nc7 29. Nh3 Nd5 30. Bxa5 Qe7 31. a4 d3 32. Bd2 Rfc8 33. a5 Qa7 34. a6 R2c6 35. Ng5 Rxa6 36. Rb1 Rb6 37. Ra1 Ra6 38. Rb1 Qe7 39. f3 Rac6 40. g4 f6 41. exf6 Nxf6 42. gxf5 gxf5 43. Bxd3 Rd8 44. Bf1 Nd5 45. f4 Kh8 46. Qf2 e5 47. Re1 e4 48. Qd4+ Kg8 49. Bc1 Rcd6 50. Bb2 Nf6 51. Qe5 Qxe5 52. fxe5 Rb6 53. exf6 Rxb2 54. f7+ Kf8 55. Ne6+ Kxf7 56. Nxd8+ Kf6 57. Nc6 Kg5 58. Nd4 Rb4 59. Ne2 f4 60. Nc3 e3 61. Be2 Rb3 62. Ne4+ Kf5 63. Nd6+ Ke6 64. Nb5 Rb4 65. Kg2 Kf5 66. Kf3 Kg5 67. Rh1 Rb2 68. Nd4 Rd2 69. Ne6+ Kf5 70. Nxf4 Rd4 71. Rh4 Rd6 72. Rh5+ Kf6 73. Kxe3 Rd8 74. Bd3 Re8+ 75. Be4 Kf7 76. Rf5+ Kg8 77. Kf3 Kh8 78. Rc5 Rf8 79. Rc7 Rg8 80. Rxh7# 1-0


[Site "https://www.chess.com"]

[Event "Titled Tuesday Blitz December 20 Early 2022"]
[White "Orange_Ghost"]
[Black "VincentKeymer"]
[WhiteElo "2740"]
[BlackElo "2980"]
[Result "0-1"]
[Round "03"]
[TimeControl "180+2"]
[Date "2022.12.20"]
[WhiteClock "0:00:06"]
[BlackClock "0:00:05"]

1. d4 Nf6 2. c4 e6 3. Nc3 Bb4 4. Qc2 c5 5. dxc5 O-O 6. Nf3 Na6 7. g3 Nxc5 8. Bg2 Nce4 9. O-O Bxc3 10. bxc3 d5 11. Ng5 Nd6 12. cxd5 exd5 13. Bf4 h6 14. Nf3 Bf5 15. Qb3 Be4 16. Qb4 Nc4 17. Qxb7 Re8 18. Rfd1 g5 19. Bc1 Qb6 20. Qxb6 axb6 21. Bf1 Bc2 22. Rd4 Ne4 23. h4 g4 24. Ne1 Bb3 25. Bxh6 Bxa2 26. Rxd5 Nxc3 27. Rg5+ Kh7 28. Bg7 Ne4 29. Rxg4 f5 30. Rxe4 fxe4 31. Bd4 b5 32. Nc2 Bb3 33. Rc1 Bxc2 34. Rxc2 Rac8 35. e3 Ne5 36. Rxc8 Nf3+ 37. Kg2 Rxc8 38. Bxb5 Rc1 39. Bd7 Kg6 40. Bb6 Rg1+ 41. Kh3 Rh1+ 42. Kg4 Ne5+ 43. Kf4 Nxd7 44. Bd4 Rh2 45. g4 Rxf2+ 46. Kxe4 Nf6+ 47. Bxf6 Kxf6 48. g5+ Ke6 49. h5 Rh2 50. h6 Rh4+ 51. Kf3 Kf5 52. h7 Kxg5 0-1


[Site "https://www.chess.com"]

[Event "Titled Tuesday Blitz December 20 Early 2022"]
[White "Paspuel, Trosky"]
[Black "NowInChess"]
[WhiteFideId "3602150"]
[WhiteElo "1721"]
[BlackElo "2177"]
[Result "0-1"]
[Round "03"]
[TimeControl "180+2"]
[Date "2022.12.20"]
[WhiteClock "0:00:03"]
[BlackClock "0:00:09"]

1. c4 e5 2. g3 d6 3. Bg2 g6 4. Nc3 Bg7 5. e3 Nf6 6. Nge2 O-O 7. O-O Nbd7 8. b3 Re8 9. Bb2 e4 10. Nd5 c6 11. Nxf6+ Nxf6 12. d3 d5 13. Rc1 exd3 14. Qxd3 Bf5 15. Qc3 dxc4 16. Qxc4 Bd3 17. Qb4 Bxe2 18. Rfe1 Ba6 19. Red1 Qe7 20. Qa4 Be2 21. Ba3 Qc7 22. Rd2 Bg4 23. h3 Be6 24. Kh2 Red8 25. Rdc2 Qd7 26. e4 Qd4 27. Qa5 Nxe4 28. Bb2 Qd3 29. Bf1 Qf3 30. Bg2 Qf5 31. Bxg7 Qxa5 0-1


[Site "https://www.chess.com"]

[Event "Titled Tuesday Blitz December 20 Early 2022"]
[White "Pietrek, Gerhard"]
[Black "stolencandy13"]
[WhiteFideId "24631698"]
[WhiteElo "1596"]
[BlackElo "2599"]
[Result "1-0"]
[Round "03"]
[TimeControl "180+2"]
[Date "2022.12.20"]
[WhiteClock "0:01:02"]
[BlackClock "0:00:03"]

1. Nf3 d5 2. c4 c6 3. e3 Nf6 4. b3 e6 5. Bb2 Nbd7 6. Be2 Bd6 7. O-O O-O 8. Nc3 e5 9. cxd5 cxd5 10. Nb5 Bb8 11. Ba3 Re8 12. Nd6 Bxd6 13. Bxd6 Ne4 14. Ba3 Ndf6 15. Bb2 d4 16. exd4 exd4 17. Bxd4 Bg4 18. d3 Bxf3 19. Bxf3 Qxd4 20. dxe4 Qxd1 21. Raxd1 Nxe4 22. Rd7 Nc5 23. Rc7 Rac8 24. Rxc8 Rxc8 25. Rc1 Rc7 26. b4 Ne6 27. Rxc7 Nxc7 28. Bxb7 Kf8 29. Kf1 Ke7 30. Ke2 Kd6 31. Kd3 Ne6 32. g3 g5 33. Kc4 h5 34. h3 f6 35. Bc8 Nc7 36. h4 Ne8 37. Bf5 Ke5 38. Bg6 Nd6+ 39. Kc5 gxh4 40. gxh4 f5 41. b5 Ne4+ 42. Kc6 Nxf2 43. Kb7 Ne4 44. Kxa7 Nc5 45. Bxh5 f4 46. b6 Ke4 47. b7 Nd7 48. b8=Q Nxb8 49. Kxb8 f3 50. Bxf3+ Kxf3 51. h5 1-0


[Site "https://www.chess.com"]

[Event "Titled Tuesday Blitz December 20 Early 2022"]
[White "Pitcher, John"]
[Black "GregLeBarbare"]
[WhiteFideId "411485"]
[WhiteElo "2210"]
[BlackElo "2242"]
[Result "1-0"]
[Round "03"]
[TimeControl "180+2"]
[Date "2022.12.20"]
[WhiteClock "0:01:08"]
[BlackClock "0:00:18"]

1. e4 e6 2. d4 d5 3. Nc3 Bb4 4. e5 c5 5. a3 Bxc3+ 6. bxc3 Qc7 7. Qg4 f5 8. Qg3 Nc6 9. Ne2 Kf7 10. Nf4 Nge7 11. Be2 cxd4 12. cxd4 Nxd4 13. O-O Qxe5 14. Bd3 Bd7 15. Bd2 Rag8 16. Rae1 Qf6 17. h4 h6 18. h5 e5 19. Ng6 Nxg6 20. hxg6+ Qxg6 21. Qxe5 Ne6 22. Bxf5 Qf6 23. Qxd5 Rd8 24. Bc3 Qxc3 25. Bxe6+ Bxe6 26. Qxe6+ Kf8 27. Qe7+ 1-0


[Site "https://www.chess.com"]

[Event "Titled Tuesday Blitz December 20 Early 2022"]
[White "Pranav, V"]
[Black "GoltsevDmitry2000"]
[WhiteFideId "25060783"]
[WhiteElo "2597"]
[BlackElo "2739"]
[Result "1-0"]
[Round "03"]
[TimeControl "180+2"]
[Date "2022.12.20"]
[WhiteClock "0:00:35"]
[BlackClock "0:00:03"]

1. e4 e6 2. d3 d5 3. Nd2 Nf6 4. Ngf3 c5 5. g3 Nc6 6. Bg2 e5 7. O-O dxe4 8. dxe4 Bd6 9. Re1 Bc7 10. c3 O-O 11. Qe2 b6 12. Nf1 a5 13. Qc2 Ba6 14. Rd1 Qe7 15. Bg5 h6 16. Bxf6 Qxf6 17. Ne3 Ne7 18. Rd7 Ra7 19. Rad1 Bc8 20. R7d2 g6 21. h4 Qg7 22. Kh2 f5 23. Kg1 f4 24. Nc4 fxg3 25. fxg3 Bg4 26. Rf1 b5 27. Ne3 Be6 28. a4 b4 29. cxb4 cxb4 30. Kh2 Bb6 31. Rd6 Bxe3 32. Rxe6 Bd4 33. Rd6 Kh7 34. Qd2 Rc7 35. Nxd4 exd4 36. Rxf8 Qxf8 37. Rxd4 Qf6 38. Rd6 Qe5 39. Ra6 b3 40. Rxa5 Rc5 41. Ra7 Rc7 42. Rxc7 Qxc7 43. Qb4 Nc6 44. Qc5 Qd7 45. a5 Qe6 46. Qd5 Qxd5 47. exd5 Nxa5 48. d6 1-0


[Site "https://www.chess.com"]

[Event "Titled Tuesday Blitz December 20 Early 2022"]
[White "Prasad, M.V.S"]
[Black "Huda, Maryana"]
[WhiteFideId "5018790"]
[BlackFideId "14116553"]
[WhiteElo "1945"]
[BlackElo "2160"]
[Result "1-0"]
[Round "03"]
[TimeControl "180+2"]
[Date "2022.12.20"]
[WhiteClock "0:00:06"]
[BlackClock "0:00:05"]

1. e4 c5 2. Nf3 Nc6 3. Bb5 e5 4. O-O Bd6 5. d3 Nge7 6. Nc3 a6 7. Bc4 b5 8. Bb3 O-O 9. Ng5 h6 10. Qh5 hxg5 11. Bxg5 Nd4 12. Nd5 Nxb3 13. f4 f6 14. Bxf6 Rxf6 15. Nxf6+ gxf6 16. Rf3 exf4 17. Rh3 Bb7 18. Qg4+ Kf8 19. Rh8+ Kf7 20. Rh7+ Kf8 21. Qg7+ Ke8 22. Qf7# 1-0


[Site "https://www.chess.com"]

[Event "Titled Tuesday Blitz December 20 Early 2022"]
[White "ProfessorChess101"]
[Black "Groz, Jacky"]
[BlackFideId "626643"]
[WhiteElo "2662"]
[BlackElo "2052"]
[Result "1/2-1/2"]
[Round "03"]
[TimeControl "180+2"]
[Date "2022.12.20"]
[WhiteClock "0:00:33"]
[BlackClock "0:01:09"]

1. e4 e5 2. Nf3 Nf6 3. Nxe5 d6 4. Nf3 Nxe4 5. Nc3 Nxc3 6. dxc3 Be7 7. Bf4 Nc6 8. Qd2 Be6 9. Bd3 h6 10. O-O-O Qd7 11. Kb1 a6 12. Rhe1 O-O-O 13. Nd4 Nxd4 14. cxd4 Bf6 15. c3 Rhe8 16. Qc2 Kb8 17. f3 Re7 18. Re2 Rde8 19. Rde1 g5 20. Bc1 Bg7 21. h3 Bd5 22. c4 Rxe2 23. Rxe2 Rxe2 24. Qxe2 Be6 25. d5 Bf5 26. g4 Bxd3+ 27. Qxd3 Kc8 28. Qh7 Bf8 29. Qe4 Kd8 30. b3 Qe7 31. Qxe7+ Kxe7 32. Kc2 Bg7 33. Kd3 Ba1 34. Ke4 Kf6 35. Be3 b6 36. Bd2 a5 37. Be3 Bb2 38. Bd2 Ba1 39. Be3 Bb2 40. Bd2 Ba1 1/2-1/2


[Site "https://www.chess.com"]

[Event "Titled Tuesday Blitz December 20 Early 2022"]
[White "Rakesh, Kumar Jena"]
[Black "Butterfly"]
[WhiteFideId "5084822"]
[WhiteElo "2303"]
[BlackElo "2536"]
[Result "0-1"]
[Round "03"]
[TimeControl "180+2"]
[Date "2022.12.20"]
[WhiteClock "0:00:29"]
[BlackClock "0:00:43"]

1. e4 c6 2. d4 g6 3. Bd3 Bg7 4. c3 d5 5. e5 Nh6 6. Ne2 O-O 7. Nd2 f6 8. exf6 exf6 9. Nf3 Bf5 10. Ng3 Bxd3 11. Qxd3 Re8+ 12. Be3 Ng4 13. O-O-O Rxe3 14. fxe3 Nf2 15. Qe2 Nxd1 16. Rxd1 Bh6 17. Kb1 f5 18. h4 Qe7 19. h5 Qxe3 20. Qxe3 Bxe3 21. hxg6 hxg6 22. Ne5 Kg7 23. Ne2 Na6 24. Rd3 Bg5 25. Rh3 Bf6 26. Nd7 Re8 27. Nf4 Re1+ 28. Kc2 Bg5 29. Nd3 Re2+ 30. Kb3 Rxg2 31. N7e5 Nc7 32. Ne1 Re2 33. N1f3 Bf6 34. Rg3 Bxe5 35. Nxe5 Rxe5 36. dxe5 Ne6 37. Kc2 g5 38. Kd2 g4 39. Ke2 Kg6 40. b3 Kg5 41. c4 f4 42. Rg1 d4 43. Rh1 Kf5 44. Rh7 Ke4 45. Rh6 Kxe5 46. Rh5+ Ke4 47. Rh6 d3+ 48. Kf2 Nd4 49. Rd6 d2 0-1


[Site "https://www.chess.com"]

[Event "Titled Tuesday Blitz December 20 Early 2022"]
[White "RamonManon0g"]
[Black "Nenezic, Marko"]
[BlackFideId "912123"]
[WhiteElo "2372"]
[BlackElo "2514"]
[Result "1-0"]
[Round "03"]
[TimeControl "180+2"]
[Date "2022.12.20"]
[WhiteClock "0:00:21"]
[BlackClock "0:00:01"]

1. e4 e6 2. d4 d5 3. Nd2 Nf6 4. e5 Nfd7 5. Ngf3 b6 6. c4 c6 7. Bd3 a5 8. O-O Ba6 9. b3 Be7 10. Bb2 b5 11. c5 b4 12. Qe2 Bxd3 13. Qxd3 Na6 14. Rae1 Nc7 15. g3 Nb5 16. h4 a4 17. Kg2 axb3 18. Qxb3 Qa5 19. Ra1 O-O 20. Qd3 Nc3 21. Nb3 Qb5 22. Qc2 Ne4 23. Rfe1 f5 24. exf6 Bxf6 25. Bc1 Rae8 26. Bf4 e5 27. dxe5 Nxe5 28. Nfd4 Qb7 29. Rad1 Bxh4 30. Bxe5 Rxf2+ 31. Qxf2 Nxf2 32. Kxf2 Rf8+ 33. Kg2 Bg5 34. Ne6 Rf5 35. g4 Rxe5 36. Rxe5 Bf6 37. Re2 h6 38. Rf1 Qa6 39. Ref2 Qc4 40. Kh3 Qd3+ 41. Rf3 Qe2 42. Ned4 Qxa2 43. Nxc6 Qa6 44. Nxb4 Qc4 45. c6 Qxb4 46. c7 Qc4 47. Rc1 Qxc1 48. Nxc1 d4 49. c8=Q+ 1-0


[Site "https://www.chess.com"]

[Event "Titled Tuesday Blitz December 20 Early 2022"]
[White "RamyresCoelho"]
[Black "profofchess"]
[WhiteElo "2223"]
[BlackElo "2442"]
[Result "0-1"]
[Round "03"]
[TimeControl "180+2"]
[Date "2022.12.20"]
[WhiteClock "0:00:04"]
[BlackClock "0:00:38"]

1. e4 c5 2. Nf3 e6 3. d4 cxd4 4. c3 Nf6 5. e5 Nd5 6. Bc4 Nc6 7. Bxd5 exd5 8. cxd4 d6 9. exd6 Bxd6 10. O-O O-O 11. Re1 Bg4 12. Be3 Qf6 13. Nbd2 Bb4 14. Re2 Bxd2 15. Rxd2 Rfe8 16. h3 Bxf3 17. Qxf3 Qxf3 18. gxf3 Rac8 19. Rc1 f6 20. Rdc2 Rcd8 21. a3 Kf7 22. b4 a6 23. h4 Rd7 24. Rxc6 bxc6 25. Rxc6 Ra8 26. a4 Rb7 27. Bd2 Ke7 28. Rc5 Kd6 29. Bf4+ Ke6 30. Bd2 h6 31. f4 Rd7 32. b5 axb5 33. axb5 Kf5 34. b6 Ke4 35. Ba5 Kxd4 36. Rc7 Rxc7 37. bxc7 Kc5 38. Bc3 Kc6 39. c8=Q+ Rxc8 40. Kg2 Kd6 41. Bd4 Ke6 42. Be3 Kf5 43. Kf3 Rc3 44. Ke2 Ke4 45. Kd2 Ra3 46. Ke2 Ra2+ 47. Kf1 d4 48. Bc1 Ra1 49. Kg2 Rxc1 50. Kg3 d3 51. f3+ Ke3 52. Kg4 d2 53. f5 d1=Q 0-1


[Site "https://www.chess.com"]

[Event "Titled Tuesday Blitz December 20 Early 2022"]
[White "Rapy, Francois"]
[Black "Malich, Burkhard, Dr."]
[WhiteFideId "26041324"]
[BlackFideId "4611330"]
[WhiteElo "1642"]
[BlackElo "2323"]
[Result "0-1"]
[Round "03"]
[TimeControl "180+2"]
[Date "2022.12.20"]
[WhiteClock "0:00:01"]
[BlackClock "0:00:19"]

1. e4 c5 2. Nc3 Nc6 3. Bb5 Nd4 4. Nf3 a6 5. Bd3 d6 6. Nxd4 cxd4 7. Ne2 e5 8. O-O Nf6 9. c3 dxc3 10. dxc3 Be7 11. f4 O-O 12. c4 Bd7 13. Nc3 Bc6 14. Nd5 b5 15. b3 bxc4 16. bxc4 Rc8 17. Kh1 Nd7 18. Be3 exf4 19. Bxf4 Ne5 20. Bxe5 dxe5 21. Qh5 f6 22. Rf3 Be8 23. Qg4 Bc5 24. Rg3 Qd7 25. Qh4 Bg6 26. Rf1 Rb8 27. h3 Rb2 28. Kh2 Rd2 29. Rb1 Bd4 30. a4 Bf2 31. Qg4 Bxg3+ 32. Qxg3 Kh8 33. Rf1 Qxa4 34. h4 Qa2 35. h5 Bxh5 36. Ne7 Qb3 37. Nf5 Bg6 38. Nh4 Qxd3 39. Nxg6+ hxg6 40. Qh4+ Kg8 41. Rf3 Qe2 42. Rg3 g5 43. Qh5 Qxh5+ 0-1


[Site "https://www.chess.com"]

[Event "Titled Tuesday Blitz December 20 Early 2022"]
[White "Richterman, Pavel"]
[Black "BlueWizzard"]
[WhiteFideId "2829690"]
[WhiteElo "2062"]
[BlackElo "2862"]
[Result "0-1"]
[Round "03"]
[TimeControl "180+2"]
[Date "2022.12.20"]
[WhiteClock "0:00:19"]
[BlackClock "0:00:23"]

1. c4 c5 2. Nc3 b6 3. b3 Bb7 4. Bb2 Nf6 5. Nf3 Nc6 6. Nd5 e6 7. Nxf6+ gxf6 8. g3 Be7 9. Bg2 h5 10. h4 d5 11. cxd5 Qxd5 12. O-O Rg8 13. d4 Nxd4 14. Bxd4 cxd4 15. Ne1 Qd7 16. Bxb7 Qxb7 17. Qxd4 Rg4 18. Qd3 f5 19. Qf3 Qxf3 20. Nxf3 f4 21. Ne5 Rg7 22. Kh1 f6 23. Nf3 fxg3 24. fxg3 Rxg3 25. Rg1 Rg4 26. Rxg4 hxg4 27. Nh2 f5 28. h5 Kf7 29. Rf1 Rh8 30. Kg2 Rxh5 31. e4 Bd6 32. Nxg4 Rg5 33. Kh3 Rxg4 34. exf5 Rd4 35. fxe6+ Kxe6 36. Rf3 b5 37. Kg2 Rd2+ 38. Rf2 Rxf2+ 39. Kxf2 Kd5 40. Ke3 Bb4 41. Kd3 Ba3 42. Kc3 a5 43. Kd3 Ke5 44. Ke3 b4 45. Kd3 Kd5 46. Ke3 Bb2 47. Kd3 Bc1 48. Kc2 Bg5 49. Kd3 Bh6 50. Kc2 Kd4 51. a4 Ke3 52. Kb1 Kd3 53. Kb2 Kd2 54. Ka2 Kc3 55. Ka1 Kxb3 56. Kb1 Kxa4 57. Ka1 Kb3 58. Kb1 a4 59. Ka1 Bf8 60. Kb1 a3 61. Ka1 Be7 62. Kb1 a2+ 63. Kc1 a1=Q+ 64. Kd2 Qc3+ 65. Kd1 Qb2 66. Ke1 Qh2 67. Kd1 Ka2 68. Kc1 b3 69. Kd1 b2 0-1


[Site "https://www.chess.com"]

[Event "Titled Tuesday Blitz December 20 Early 2022"]
[White "Rincon Zapatero, Alejandro"]
[Black "Liyanage, Ranindu Dilshan"]
[WhiteFideId "2288850"]
[BlackFideId "9915834"]
[WhiteElo "1752"]
[BlackElo "2342"]
[Result "1/2-1/2"]
[Round "03"]
[TimeControl "180+2"]
[Date "2022.12.20"]
[WhiteClock "0:00:14"]
[BlackClock "0:00:07"]

1. c4 e6 2. e4 c5 3. Nc3 Nc6 4. g3 g6 5. Bg2 Bg7 6. Nge2 d6 7. O-O Nge7 8. d3 O-O 9. Be3 a6 10. d4 cxd4 11. Nxd4 Ne5 12. b3 Qc7 13. Rc1 Bd7 14. f4 N5c6 15. Nd5 exd5 16. cxd5 Qa5 17. dxc6 bxc6 18. f5 gxf5 19. Nxf5 Bxf5 20. exf5 Nxf5 21. Qh5 Qe5 22. Bf4 Qa5 23. Be4 Bd4+ 24. Rf2 Rfe8 25. Qxf5 Qxf5 26. Bxf5 Re2 27. Rf1 Rxa2 28. Kg2 Bxf2 29. Rxf2 Rxf2+ 30. Kxf2 d5 31. Bd7 c5 32. Bc6 Rd8 33. Bd2 Rd6 34. Bb7 d4 35. Ke2 Kf8 36. Bf4 Rb6 37. Bd5 Ke7 38. Bc4 f6 39. Kd3 Kd7 40. Ke4 a5 41. Kd5 d3 42. Kxc5 Rb4 43. Kd4 a4 44. bxa4 Rxa4 45. Kxd3 Ke7 46. h4 Ra3+ 47. Kd4 Ra1 48. Bd3 Rd1 49. Ke3 h5 50. Bg6 Rd5 51. Ke4 Ra5 52. Kf3 Kf8 53. Ke4 Kg7 54. Be8 Ra4+ 55. Kf3 Ra3+ 56. Ke4 Ra5 57. Bd7 Ra1 58. Be8 Re1+ 59. Be3 f5+ 60. Kf4 Rf1+ 61. Ke5 Re1 62. Kd4 Rd1+ 63. Kc3 Re1 64. Kd2 Ra1 65. Bxh5 Ra2+ 66. Kd3 Ra3+ 67. Kd4 Ra4+ 68. Ke5 Ra5+ 69. Kf4 Kf6 70. Bd4+ Ke6 71. Bg7 Ra4+ 72. Kg5 Ra3 73. g4 fxg4 74. Bxg4+ Kf7 75. Be5 Ra5 76. Kf4 Ra4+ 77. Kf5 Ra5 78. h5 Kg8 79. h6 Kh7 80. Kf6 Kxh6 81. Bf4+ Kh7 82. Bf5+ Kg8 83. Be5 Ra6+ 84. Be6+ Kh7 85. Kf5 Ra3 86. Kf6 Ra6 87. Kf5 Ra5 88. Kf6 Ra7 89. Bf5+ Kh6 90. Bf4+ Kh5 91. Ke5 Ra5+ 92. Kf6 Ra6+ 93. Ke5 Ra5+ 94. Kf6 Kh4 95. Be6 Ra6 96. Be5 Kh5 97. Kf5 Ra5 98. Bf7+ Kh4 99. Be6 Rxe5+ 100. Kxe5 1/2-1/2


[Site "https://www.chess.com"]

[Event "Titled Tuesday Blitz December 20 Early 2022"]
[White "Rud_Makarian"]
[Black "Kildepiotr"]
[WhiteElo "2889"]
[BlackElo "2682"]
[Result "1-0"]
[Round "03"]
[TimeControl "180+2"]
[Date "2022.12.20"]
[WhiteClock "0:00:15"]
[BlackClock "0:00:07"]

1. d4 c5 2. dxc5 e6 3. Nf3 Bxc5 4. g3 d5 5. Bg2 Nc6 6. O-O Nf6 7. c4 O-O 8. cxd5 Nxd5 9. a3 Qe7 10. e4 Nf6 11. Nc3 Rd8 12. Qe2 e5 13. Bg5 Be6 14. Rfd1 Nd4 15. Nxd4 Bxd4 16. Nd5 Bxd5 17. exd5 h6 18. Bxh6 Bxb2 19. Qxb2 gxh6 20. Qd2 Kg7 21. d6 Qe6 22. Rac1 Rd7 23. Rc7 Rad8 24. Rxd7 Rxd7 25. h3 Ne8 26. Qe3 b6 27. Re1 Nxd6 28. a4 Nc4 29. Qe4 Rd4 30. Qa8 Qe7 31. Re2 Rd2 32. Rxd2 Nxd2 33. Qd5 Nb1 34. Qb3 Na3 35. Bd5 f5 36. Qf3 Qc5 37. Be6 e4 38. Qxf5 Qxf5 39. Bxf5 e3 40. fxe3 Kf6 41. Bd3 Ke5 42. h4 a6 43. Kf2 b5 44. a5 Nc4 45. Bxc4 bxc4 46. g4 Ke4 47. Ke2 c3 48. Kd1 1-0


[Site "https://www.chess.com"]

[Event "Titled Tuesday Blitz December 20 Early 2022"]
[White "Ruzele, Darius"]
[Black "Legendinunknown"]
[WhiteFideId "12800104"]
[WhiteElo "2531"]
[BlackElo "2731"]
[Result "0-1"]
[Round "03"]
[TimeControl "180+2"]
[Date "2022.12.20"]
[WhiteClock "0:00:02"]
[BlackClock "0:02:02"]

1. e4 e6 2. d4 d5 3. e5 c5 4. c3 Nc6 5. Nf3 Qb6 6. Bd3 cxd4 7. cxd4 Bd7 8. O-O Nxd4 9. Nxd4 Qxd4 10. Nc3 a6 11. Qe2 Ne7 12. Rd1 Nc6 13. Bxa6 Qxe5 14. Bxb7 Qxe2 15. Nxe2 Rb8 16. Bxc6 Bxc6 17. a3 Ba4 18. Re1 Be7 19. b4 Rc8 20. Be3 Bf6 21. Rac1 Kd7 22. Rxc8 Rxc8 23. Rc1 Rxc1+ 24. Bxc1 d4 25. Kf1 e5 26. f3 Be7 27. Ng3 Ke6 28. Ne4 Bb5+ 29. Kf2 Kd5 30. Bd2 f5 31. Nc5 e4 32. fxe4+ fxe4 33. Bf4 e3+ 34. Ke1 Bxc5 35. bxc5 Ke4 36. g3 d3 37. Kd1 Ba4+ 38. Ke1 d2+ 39. Ke2 d1=Q# 0-1


[Site "https://www.chess.com"]

[Event "Titled Tuesday Blitz December 20 Early 2022"]
[White "Sadykov_Ramil"]
[Black "Mikhail_Bryakin"]
[WhiteElo "2546"]
[BlackElo "2765"]
[Result "0-1"]
[Round "03"]
[TimeControl "180+2"]
[Date "2022.12.20"]
[WhiteClock "0:00:02"]
[BlackClock "0:00:26"]

1. e4 c5 2. Nf3 e6 3. g3 Nc6 4. d3 d5 5. Nbd2 Nge7 6. Bg2 g6 7. O-O Bg7 8. Re1 O-O 9. c3 b6 10. e5 a5 11. a4 Ba6 12. Nf1 Qc7 13. Bf4 Rfb8 14. h4 b5 15. Qd2 bxa4 16. Rxa4 Qb6 17. Re2 Qb5 18. Ra1 Qxd3 19. Qxd3 Bxd3 20. Rd2 Be4 21. Be3 Bxf3 22. Bxf3 Nxe5 23. Be2 c4 24. f4 N5c6 25. g4 f5 26. g5 Rb5 27. Bd1 Rab8 28. Ra2 Kf7 29. Ba4 R5b7 30. Bc5 Na7 31. Bd1 Nec6 32. Ba4 Bf8 33. Bf2 Bd6 34. Be3 Nb5 35. Ng3 Bc7 36. Kf2 Ne7 37. Ne2 Nc8 38. Bxb5 Rxb5 39. Nd4 R5b6 40. Nf3 R6b7 41. Nd4 Nd6 42. Kf3 Ne4 43. Rc2 Ra8 44. Nc6 Ra6 45. Nd4 a4 46. Ne2 Bd6 47. Bd4 Rb3 48. Nc1 Rb8 49. Ne2 Rba8 50. Nc1 Ke7 51. Ne2 Kd7 52. Nc1 Kc6 53. Be3 Bc5 54. Bxc5 Nxc5 55. Ke3 a3 56. bxa3 Rxa3 57. Rab2 Ne4 58. Ne2 Kc7 59. Kd4 R3a6 60. Ke5 Nc5 61. Kd4 Nd3 62. Rb1 Rb8 63. Rxb8 Kxb8 64. Ke3 Kc7 65. Nd4 Kd6 66. Nb5+ Kc5 67. Nd4 Kd6 68. Nb5+ Ke7 69. Nd4 Ra1 70. Nc6+ Kd6 71. Nd8 e5 72. Nf7+ Ke6 73. Nxe5 Nxe5 74. fxe5 Kxe5 75. Kf3 Rf1+ 76. Kg2 Rf4 77. Kg3 Rg4+ 78. Kf3 Rxh4 79. Ra2 Rh3+ 80. Kg2 Rxc3 81. Rb2 Rd3 82. Rb7 c3 83. Rxh7 Kf4 84. Rc7 d4 85. Kf2 Kxg5 86. Rc6 Rd2+ 87. Ke1 Rh2 88. Kd1 Kf4 89. Rxg6 d3 90. Rg1 Ra2 91. Rf1+ Ke3 92. Re1+ Kd4 0-1


[Site "https://www.chess.com"]

[Event "Titled Tuesday Blitz December 20 Early 2022"]
[White "SaiHanThiha"]
[Black "Iskusnyh, Sergei"]
[BlackFideId "4120027"]
[WhiteElo "2429"]
[BlackElo "2440"]
[Result "1-0"]
[Round "03"]
[TimeControl "180+2"]
[Date "2022.12.20"]
[WhiteClock "0:00:05"]
[BlackClock "0:00:01"]

1. d4 d5 2. c4 c6 3. cxd5 cxd5 4. Nc3 Nf6 5. Bf4 Nc6 6. e3 a6 7. Nf3 Bg4 8. h3 Bh5 9. g4 Bg6 10. Qb3 Ra7 11. h4 Be4 12. Nxe4 Nxe4 13. Bd3 e6 14. Rc1 Bd6 15. Bxd6 Nxd6 16. Ne5 Nxe5 17. dxe5 Ne4 18. Qa4+ Kf8 19. f3 b5 20. Qb4+ Kg8 21. fxe4 dxe4 22. Bxe4 h5 23. g5 g6 24. Qc5 Rd7 25. Qc8 Kg7 26. Qxd8 Rhxd8 27. Ke2 Rd2+ 28. Kf3 Rxb2 29. Rhd1 Rxd1 30. Rxd1 Rxa2 31. Rd7 b4 32. Rb7 a5 33. Bc6 Kf8 34. Rb8+ Kg7 35. Be8 Kf8 36. Ke4 Rh2 37. Bc6+ Kg7 38. Kd3 Rxh4 39. Rb7 Kf8 40. Rb8+ Kg7 41. Bf3 Rh3 42. Be4 Rg3 43. Ra8 h4 44. Kd4 h3 45. Rxa5 Rxg5 46. Ra2 h2 47. Rxh2 Rg4 48. Rb2 Rh4 49. Rxb4 Rg4 50. Rb7 Rh4 51. Rb4 Rg4 52. Kd3 Rg1 53. Rb2 Rg5 54. Kd4 Rg4 55. Rf2 Rh4 56. Rf4 Rh2 57. Bc6 Rd2+ 58. Ke4 Rd8 59. Kf3 Rb8 60. Bd7 Rd8 61. Bb5 Rd5 62. Be8 Rxe5 63. Rxf7+ Kh6 64. Rf6 1-0


[Site "https://www.chess.com"]

[Event "Titled Tuesday Blitz December 20 Early 2022"]
[White "Sapon, Ilia"]
[Black "Flawless_Fighter"]
[WhiteFideId "13504746"]
[WhiteElo "2074"]
[BlackElo "2622"]
[Result "0-1"]
[Round "03"]
[TimeControl "180+2"]
[Date "2022.12.20"]
[WhiteClock "0:00:15"]
[BlackClock "0:00:02"]

1. e4 e5 2. Nf3 Nc6 3. Bb5 a6 4. Ba4 Nf6 5. d3 b5 6. Bb3 d6 7. c3 Be7 8. O-O O-O 9. Re1 Na5 10. Bc2 c5 11. Nbd2 Nc6 12. a4 Be6 13. Nf1 Qc7 14. Ng3 Rad8 15. Ng5 Bc8 16. h3 h6 17. Nf3 d5 18. axb5 axb5 19. Qe2 Rfe8 20. Nh4 Nxe4 21. dxe4 Bxh4 22. exd5 Bxg3 23. dxc6 Bh4 24. Qe4 Bf6 25. Be3 g6 26. Bxc5 Bf5 27. Qe2 Bxc2 28. Qxc2 Qxc6 29. Bb4 Bg7 30. Qb3 e4 31. Ra7 Rd7 32. Rxd7 Qxd7 33. Rd1 Qc6 34. Qd5 Qb6 35. Qd7 Rb8 36. Rd6 Qb7 37. Kf1 Qxd7 38. Rxd7 f5 39. g4 fxg4 40. hxg4 Bf6 41. Ke2 Bg5 42. Rd6 Kf7 43. Re6 Kxe6 0-1


[Site "https://www.chess.com"]

[Event "Titled Tuesday Blitz December 20 Early 2022"]
[White "Sergey85Rodchenkov"]
[Black "annacramling"]
[WhiteElo "2458"]
[BlackElo "2219"]
[Result "1-0"]
[Round "03"]
[TimeControl "180+2"]
[Date "2022.12.20"]
[WhiteClock "0:00:47"]
[BlackClock "0:00:02"]

1. e4 c5 2. Nf3 e6 3. d4 cxd4 4. Nxd4 Nf6 5. Nc3 Nc6 6. Nxc6 bxc6 7. e5 Nd5 8. Ne4 Qc7 9. f4 Qb6 10. c4 Bb4+ 11. Ke2 f5 12. Nf2 Ne7 13. Be3 Bc5 14. Bxc5 Qxc5 15. b3 a5 16. Qd6 Qxd6 17. exd6 Ng6 18. Nd3 c5 19. Ke3 Ra6 20. Nxc5 Rxd6 21. Be2 Rc6 22. Nd3 Bb7 23. Bf3 Rc7 24. Bxb7 Rxb7 25. Rhd1 d6 26. g3 O-O 27. c5 dxc5 28. Nxc5 Rb4 29. Rd4 Rxd4 30. Kxd4 Rd8+ 31. Kc4 e5 32. Kb5 exf4 33. gxf4 Rd5 34. Rf1 Kf7 35. a3 Nf8 36. Kc6 Rd4 37. Nb7 a4 38. b4 Ne6 39. b5 Rc4+ 40. Kd6 Rd4+ 41. Ke5 g6 42. Rc1 Re4+ 43. Kd6 Rd4+ 44. Kc6 Rxf4 45. b6 Nd4+ 46. Kd7 Nb3 47. Nd6+ Kf6 48. Rc6 Rd4 49. b7 f4 50. b8=Q 1-0


[Site "https://www.chess.com"]

[Event "Titled Tuesday Blitz December 20 Early 2022"]
[White "Sferra, Bob"]
[Black "Steegersee"]
[WhiteFideId "2007266"]
[WhiteElo "2263"]
[BlackElo "2425"]
[Result "1-0"]
[Round "03"]
[TimeControl "180+2"]
[Date "2022.12.20"]
[WhiteClock "0:00:17"]
[BlackClock "0:00:07"]

1. Nf3 c5 2. c4 Nc6 3. b3 Nf6 4. Bb2 e6 5. g3 d5 6. cxd5 exd5 7. Bg2 Be7 8. Kf1 O-O 9. d3 Be6 10. Nbd2 d4 11. h3 Rc8 12. Kg1 h6 13. Kh2 Nd5 14. a3 a5 15. Re1 f5 16. e4 dxe3 17. fxe3 Bf6 18. Qc2 b6 19. Rad1 Qc7 20. e4 fxe4 21. dxe4 Nde7 22. e5 Bg5 23. Nxg5 hxg5 24. Nf3 g4 25. Ng5 Bf5 26. Qc4+ Kh8 27. hxg4 Bg6 28. Rd6 Rf2 29. Re2 Rcf8 30. Ne6 Qc8 31. Nxf8 Qxf8 32. Rf6 Rxg2+ 33. Kxg2 gxf6 34. exf6 Nc8 35. Qd5 Nd4 36. Bxd4 cxd4 37. Qxd4 Nd6 38. Re7 Nf7 39. Qxb6 Qc8 40. Qc7 Qxg4 41. Re8+ Kh7 42. Qf4 Qd7 43. Qh4+ 1-0


[Site "https://www.chess.com"]